 Dungeon Crawl Stone Soup version 0.27-a0-1200-g94dc6ad (webtiles) character file.

Game seed: 15745123648177247728

57 Meow the Stinger (level 4, 36/36 HPs)
             Began as a Naga Venom Mage on May 31, 2021.
             Quit the game on level 2 of the Dungeon.
             The game lasted 00:03:53 (906 turns).

Meow the Stinger (Naga Venom Mage)                   Turns: 906, Time: 00:03:53

Health: 36/36      AC:  2    Str: 10    XL:     4   Next: 0%
Magic:  3/8        EV: 10    Int: 16    God:
Gold:   46         SH:  0    Dex: 12    Spells: 2/9 levels left

rFire    . . .     SeeInvis +   a - +0 short sword
rCold    . . .     Faith    .   (no shield)
rNeg     . . .     Spirit   .   c - +0 robe
rPois    +         Reflect  .   (no helmet)
rElec    .         Harm     .   (no cloak)
rCorr    .         Rampage  .   (no gloves)
Will     .....                  (no barding)
Stlth    ++........             (no amulet)
HPRegen  0.12/turn              (no ring)
MPRegen  0.11/turn              (no ring)

@: short of breath, very slow
A: AC +1, large, see invisible, deformed body, poison resistance, slowness 2,
spit poison 1, naga tail 1
a: Spit Poison


You were on level 2 of the Dungeon.
You visited 1 branch of the dungeon, and saw 2 of its levels.

You collected 46 gold pieces.

Inventory:

Hand Weapons
 a - a +0 short sword (weapon)
Missiles
 d - 24 arrows
 g - 36 stones (quivered)
 h - 6 boomerangs
Armour
 c - a +0 robe (worn)
Scrolls
 b - 4 scrolls of identify {unknown}
 e - a scroll of holy word {unknown}
 f - a scroll of amnesia {unknown}
Potions
 i - a potion of lignification {unknown}


   Skills:
 - Level 1.5 Dodging
 - Level 3.0 Stealth
 + Level 3.0 Spellcasting
 + Level 2.3 Conjurations
 - Level 1.0 Transmutations
 - Level 4.0 Poison Magic


You had 2 spell levels left.
You knew the following spells:

 Your Spells              Type           Power      Damage    Failure   Level
a - Sting                 Tmut/Pois      40%        1d5       7%          1
c - Mephitic Cloud        Conj/Pois/Air  9%         N/A       24%         3
C - Ignite Poison         Fire/Tmut/Pois 7%         N/A       28%         3

Your spell library contained the following spells:

 Spells                   Type           Power      Damage    Failure   Level
 Poisonous Vapours        Pois/Air       16%        N/A       12%         2
 Summon Small Mammal      Summ           8%         N/A       19%         1
 Call Imp                 Summ           2%         N/A       28%         2
 Olgreb's Toxic Radiance  Pois           15%        N/A       34%         4
 Call Canine Familiar     Summ           2%         N/A       50%         3
 Summon Guardian Golem    Hex/Summ       2%         N/A       50%         3
 Summon Ice Beast         Ice/Summ       2%         N/A       88%         4
 Summon Lightning Spire   Summ/Air       2%         N/A       88%         4


Dungeon Overview and Level Annotations

Branches:
Dungeon (2/15)

Altars:


Innate Abilities, Weirdness & Mutations

Your serpentine skin is tough. (AC +1)
You have supernaturally acute eyesight. (SInv)
Armour fits poorly on your strangely shaped body.
Your system is resistant to poisons. (rPois)
You cover ground very slowly.
You can spit poison.
You have a snake-like lower body.


Message History

Press: ? - help, Shift-Dir - straight line, f/p - hound
Aim: a hound The splash of poison hits the hobgoblin!
The hobgoblin is poisoned.
You kill the hobgoblin!
Casting: Sting (safe; 7% risk of failure)
Confirm with . or Enter, or press ? or * to list all spells.
The spell is quite dangerous to cast (26% risk of failure)!
Continue anyway?
Aiming: Mephitic Cloud (quite dangerous; 26% risk of failure)
Press: ? - help, Shift-Dir - straight line, f/p - hound
Aim: a hound (chance to affect: 86%)
The ball explodes into a vile cloud!
The stinking cloud engulfs the hound but does no damage.
The stinking cloud engulfs you but does no damage.
You hear an angry hiss.
You hear a shout! x2
The hound is engulfed in noxious fumes.
The hound appears confused.
The hound is engulfed in noxious fumes.
The hound appears confused.
Unknown command.
You have got your breath back.
The hound is engulfed in noxious fumes.
The hound appears confused.
Press: ? - help, Shift-Dir - straight line, f/p - hound
Aim: a hound (noxious fumes, lightly wounded, confused)
The splash of poison hits the hound!
The hound is poisoned.
The hound is severely wounded.
The hound is engulfed in noxious fumes.
The hound appears confused.
The hound bites you but does no damage.
The hound is engulfed in noxious fumes.
Unknown command.
Casting: Mephitic Cloud (quite dangerous; 26% risk of failure)
Confirm with . or Enter, or press ? or * to list all spells.
Aiming: Sting (safe; 7% risk of failure)
Press: ? - help, Shift-Dir - straight line, f/p - hound
Aim: a hound (severely wounded, confused, poisoned, 86% to hit)
The sting hits the hound.
The hound looks even sicker.
The hound is almost dead.
You kill the hound!
Your Spellcasting skill increases to level 3!
Your Conjurations skill increases to level 2!
You have reached level 4!
You feel agile.
Are you sure you want to abandon this character and quit the game? (Confirm with "yes".)

##...#..##.....#.
#####...........
####.##..######
#.......##
##.##.#.###
#.........#
##..##.#.#.#
#######............
#...†.@..........###
##.#######.#....###
#........#......#
#.h#####.###...##
#....# #.## #.##.#
.# #. h# # #. .. ##
.##


There were no monsters in sight!

Vanquished Creatures
  A hound (D:2)
  3 ball pythons
  2 bats (D:1)
  2 endoplasms (D:1)
  3 goblins
  6 hobgoblins
  2 jackals (D:1)
  A kobold (D:1)
  A quokka (D:1)
  A rat (D:2)
22 creatures vanquished.

Vanquished Creatures (others)
  A kobold (D:1)
1 creature vanquished.

Grand Total: 23 creatures vanquished

Notes
Turn   | Place    | Note
-------+----------+-------------------------------------------
     0 | D:1      | Meow the Naga Venom Mage began the quest for the Orb.
     0 | D:1      | Reached XP level 1. HP: 15/15 MP: 3/3
   154 | D:1      | Reached skill level 1 in Conjurations
   154 | D:1      | Reached XP level 2. HP: 22/22 MP: 5/5
   455 | D:1      | Found a faded altar of an unknown god.
   801 | D:2      | Reached XP level 3. HP: 28/28 MP: 6/6
   805 | D:2      | Learned a level 3 spell: Mephitic Cloud
   809 | D:2      | Learned a level 3 spell: Ignite Poison
   906 | D:2      | Reached XP level 4. HP: 36/36 MP: 3/8
   906 | D:2      | Quit the game

Illustrated notes

Levels and vault maps discovered:
D:1:      wander_arrival_estate, layout_rooms, basic_ecumenical_altar,
          lemuel_flame_loot_1
D:2:      layout_loops_corners, minmay_misc_feat_chi, grunt_ministairs_12

Skill      XL: |  1  2  3 |
---------------+----------+-----
Conjurations   | 1 2 |  2.3
Spellcasting   | 3 |  3.0
Dodging        | |  1.5
Stealth        | |  3.0
Transmutations | |  1.0
Poison Magic   | |  4.0

Action                   |  1- 3 |  4- 6 || total
-------------------------+-------+-------++-------
Melee: Club              |     1 |       ||     1
Throw: Stone             |    11 |       ||    11
 Cast: Sting             |    11 |       ||    11
       Mephitic Cloud    |     1 |       ||     1
 Abil: Spit Poison       |    23 |       ||    23
Armor: Robe              |     2 |       ||     2
Dodge: Dodged            |     4 |       ||     4

Table legend: (Time is in decaauts)
 A = Elapsed time spent in this place.
 B = Non-inter-level travel time spent in this place.
 C = Inter-level travel time spent in this place.
 D = Time resting spent in this place.
 E = Time spent auto-exploring this place.
 F = Levels seen in this place.
 G = Mean time per level.
                   A        B        C        D        E       F      G
               +--------+--------+--------+--------+--------+-----+--------+
         Total |   1158 |   1080 |     78 |    161 |    611 |   2 |  579.0 |
       Dungeon |   1158 |   1080 |     78 |    161 |    611 |   2 |  579.0 |
               +--------+--------+--------+--------+--------+-----+--------+

Top non-repeatable levels by time:
     D:1: 895 daAuts
     D:2: 263 daAuts
